 Dungeon Crawl Stone Soup version 0.29.0-11-gd7f09526c8 (webtiles) character file.

Game seed: 7582844069244722581

430 doricub5 the Trooper (level 6, -1/58 HPs)
             Began as a Minotaur Fighter on Sept 3, 2022.
             Slain by a +1 vorpal glaive (3 damage)
             ... created by the rancor of the Wu Jian Council
             ... on level 4 of the Dungeon.
             The game lasted 00:08:31 (2923 turns).

doricub5 the Trooper (Minotaur Fighter)             Turns: 2923, Time: 00:08:31

Health: -1/58      AC:  4    Str: 33    XL:     6   Next: 66%
Magic:  14/14      EV: 13    Int:  5    God:
Gold:   201        SH:  8    Dex:  9    Spells: 5/5 levels left

rFire   . . .      SeeInvis .   z - +2 whip (elec)
rCold   . . .      Faith    .   d - +0 kite shield
rNeg    . . .      Spirit   .   D - +3 ring mail of the Hanged Man {MP+9 Str+4}
rPois   .          Reflect  .   l - +2 hat
rElec   .          Harm     .   (no cloak)
rCorr   .          Rampage  .   v - +0 pair of gloves
Will    .....                   (no boots)
Stlth   ..........              (no amulet)
HPRegen 0.19/turn               n - +4 ring of evasion
MPRegen 0.14/turn               c - +6 ring of strength

@: corroded
A: horns 2, retaliatory headbutt
a: no special abilities


You were on level 4 of the Dungeon.
You visited 1 branch of the dungeon, and saw 4 of its levels.

You collected 201 gold pieces.

Inventory:

Hand Weapons
 a - a +0 trident
 z - a +2 whip of electrocution (weapon)
Missiles
 f - 3 javelins (quivered)
Armour
 d - a +0 kite shield (worn)
 l - a +2 hat (worn)
 v - a +0 pair of gloves (worn)
 D - the +3 ring mail of the Hanged Man (worn) {MP+9 Str+4}
   (You found it on level 3 of the Dungeon)

   Str:       It affects your strength (+4).
   MP:        It affects your magic capacity (+9).
Jewellery
 c - a +6 ring of strength (right hand)
 n - a +4 ring of evasion (left hand)
 w - a +6 ring of intelligence
 y - a +6 ring of dexterity
Scrolls
 h - 2 scrolls of noise {unknown}
 k - a scroll of blinking {unknown}
 m - 3 scrolls of enchant armour {unknown}
 p - 3 scrolls of identify {unknown}
 q - 3 scrolls of teleportation {unknown}
 r - a scroll of fear {unknown}
 s - a scroll of magic mapping {unknown}
 u - a scroll of enchant weapon {unknown}
 x - 3 scrolls of fog {unknown}
 A - a scroll of immolation {unknown}
 B - a scroll of poison {unknown}
Potions
 e - a potion of lignification {unknown}
 g - a potion of mutation {unknown}
 i - a potion of curing {unknown}
 j - 2 potions of degeneration {unknown}
 o - 2 potions of berserk rage {unknown}
 t - a potion of flight {unknown}
 C - a potion of resistance {unknown}


   Skills:
 * Level 6.9 Fighting
 - Level 2.4 Polearms
 + Level 5.4 Armour
 + Level 5.5 Shields


You had 5 spell levels left.
You didn't know any spells.
Your spell library was empty.

Dungeon Overview and Level Annotations

Branches:
Dungeon (4/15)
 Temple: D:4-7

Altars:
Wu Jian
Xom

Shops:
D:1 (   D:2 *


Innate Abilities, Weirdness & Mutations

You have a pair of horns on your head.
You reflexively headbutt those who attack you in melee.


Message History

The adder attacks as you move away! The adder barely misses you.
You block the adder's attack.
You hit the adder but do no damage. You block the adder's attack.
You closely miss the adder. You block the adder's attack.
The adder barely misses you.
You hit the adder. Lightning courses through the adder!
You kill the adder!
You hit the ogre. You headbutt the ogre!
The ogre is severely wounded.
The ogre hits you with a +0 giant spiked club!
You hit the ogre.
The ogre is almost dead.
The ogre misses you.
You hit the ogre.
You kill the ogre!
Things that are here:
a +0 giant spiked club; an ogre corpse; an adder corpse You start resting.
Sifu Cai Fang says: Suffer, mortal!
The rancor of the Wu Jian Council corrodes you!
A +4 dire flail of freezing, a +3 quarterstaff of flaming and a +1 vorpal glaive come into view.
You hit the +1 vorpal glaive but do no damage.
You headbutt the +1 vorpal glaive.
The +1 vorpal glaive is moderately damaged.
You hit the +1 vorpal glaive but do no damage.
The +1 vorpal glaive is moderately damaged.
The +1 vorpal glaive hits you!
You hit the +1 vorpal glaive but do no damage.
The +1 vorpal glaive is moderately damaged.
The +3 quarterstaff of flaming misses you.
The +1 vorpal glaive hits you!
You hit the +1 vorpal glaive but do no damage.
The +1 vorpal glaive is lightly damaged.
The +3 quarterstaff of flaming hits you!
* * * LOW HITPOINT WARNING * * *
The +3 quarterstaff of flaming burns you.
* * * LOW HITPOINT WARNING * * *
The +1 vorpal glaive hits you!
* * * LOW HITPOINT WARNING * * *
You die...

# #.######..... #
#........#
######......##
#......####..##
##......## ##..#
##.......# ##.### ..
##.......#
###...###...#
##....#..###....(....#
......#..#...###@#####
...####..##### #(###
#..# .... #(..## #..#
#### ###..# ).##
#..(......# .##
#..S...#.....# .#
#...$..#.###.. .#
#......#.# # .#
#....... .


You could see 3 dancing weapons.

Vanquished Creatures
  23 dancing weapons
  An ogre (D:4)
  4 crimson imps (D:3)
  A hound (D:4)
  An iguana (D:4)
  An orc wizard (D:4)
  5 gnolls
  3 adders
  2 worms
  3 dart slugs
  3 orcs
  5 endoplasms
  2 giant cockroaches
  2 hobgoblins
  3 jackals (D:1)
  A quokka (D:2)
  4 ball pythons
  4 bats
  2 frilled lizards
  A goblin (D:1)
  6 kobolds
  3 rats
80 creatures vanquished.

Notes
Turn   | Place    | Note
-------+----------+-------------------------------------------
     0 | D:1      | doricub5 the Minotaur Fighter began the quest for the Orb.
     0 | D:1      | Reached XP level 1. HP: 19/19 MP: 0/0
    22 | D:1      | Found a faded altar of an unknown god.
    39 | D:1      | Prayed at the altar of an unknown god.
    39 | D:1      | Became a worshipper of the Wu Jian Council
    39 | D:1      | Reached * piety under Wu Jian
    40 | D:1      | Fell from the grace of Wu Jian
   136 | D:1      | Found Dolyuj Osesm's Weapon Shoppe.
   155 | D:1      | Reached skill level 4 in Fighting
   155 | D:1      | Reached XP level 2. HP: 27/27 MP: 1/1
   716 | D:2      | Reached XP level 3. HP: 33/34 MP: 2/2
   746 | D:2      | Identified the +0 robe "Kurape Xuag" {Will+ Dex+6}
   795 | D:2      | Noticed a +3 quarterstaff of speed
   795 | D:2      | Noticed a +4 quarterstaff of freezing
   795 | D:2      | Noticed a +3 quarterstaff of freezing
   795 | D:2      | Noticed a +4 vorpal great sword
   795 | D:2      | Noticed a +0 quarterstaff of freezing
   796 | D:2      | Killed a +4 quarterstaff of freezing
   797 | D:2      | Killed a +3 quarterstaff of speed
   798 | D:2      | Killed a +0 quarterstaff of freezing
   800 | D:2      | Killed a +4 vorpal great sword
   801 | D:2      | Killed a +3 quarterstaff of freezing
   809 | D:2      | Noticed a +1 dire flail of freezing
   809 | D:2      | Noticed a +2 rapier of freezing
   809 | D:2      | Noticed a +4 vorpal quarterstaff
   810 | D:2      | Killed a +1 dire flail of freezing
   811 | D:2      | Killed a +2 rapier of freezing
   812 | D:2      | Killed a +4 vorpal quarterstaff
   849 | D:2      | Found Cioff's Assorted Antiques.
  1225 | D:2      | Reached skill level 5 in Fighting
  1225 | D:2      | Reached XP level 4. HP: 33/42 MP: 3/3
  1245 | D:2      | Noticed a +0 vorpal glaive
  1245 | D:2      | Noticed a +2 glaive of electrocution
  1245 | D:2      | Noticed a +2 great sword of flaming
  1245 | D:2      | Killed a +2 glaive of electrocution
  1246 | D:2      | Killed a +0 vorpal glaive
  1250 | D:2      | Killed a +2 great sword of flaming
  1559 | D:3      | Noticed a +1 glaive of flaming
  1559 | D:3      | Noticed a +1 quarterstaff of electrocution
  1559 | D:3      | Noticed a +0 quarterstaff of freezing
  1559 | D:3      | Noticed a +1 vorpal glaive
  1560 | D:3      | Killed a +1 glaive of flaming
  1561 | D:3      | Killed a +1 quarterstaff of electrocution
  1562 | D:3      | Killed a +0 quarterstaff of freezing
  1567 | D:3      | Killed a +1 vorpal glaive
  2302 | D:3      | Identified the +3 ring mail of the Hanged Man {MP+9 Str+4}
  2444 | D:3      | Found a shimmering altar of Xom.
  2451 | D:3      | Reached XP level 5. HP: 46/49 MP: 4/4
  2479 | D:3      | Reached skill level 6 in Fighting
  2479 | D:3      | Reached skill level 5 in Shields
  2482 | D:3      | Reached skill level 5 in Armour
  2552 | D:3      | Noticed a +2 rapier of freezing
  2552 | D:3      | Noticed a +0 vorpal rapier
  2552 | D:3      | Noticed a +1 glaive of flaming
  2552 | D:3      | Noticed a +4 rapier of flaming
  2552 | D:3      | Noticed a +4 vorpal dire flail
  2553 | D:3      | Killed a +4 vorpal dire flail
  2555 | D:3      | Killed a +4 rapier of flaming
  2558 | D:3      | Killed a +0 vorpal rapier
  2561 | D:3      | Killed a +1 glaive of flaming
  2567 | D:3      | Killed a +2 rapier of freezing
  2764 | D:4      | Noticed a +2 quarterstaff of freezing
  2764 | D:4      | Noticed a +4 vorpal quarterstaff
  2764 | D:4      | Noticed a +3 rapier of speed
  2764 | D:4      | Killed a +2 quarterstaff of freezing
  2767 | D:4      | Killed a +4 vorpal quarterstaff
  2769 | D:4      | Reached XP level 6. HP: 56/58 MP: 5/5
  2769 | D:4      | Killed a +3 rapier of speed
  2919 | D:4      | Noticed a +4 dire flail of freezing
  2919 | D:4      | Noticed a +3 quarterstaff of flaming
  2919 | D:4      | Noticed a +1 vorpal glaive
  2923 | D:4      | HP: 2/58 [+1 vorpal glaive[the rancor of the Wu Jian
                  | Council] (7)]
  2923 | D:4      | Slain by a +1 vorpal glaive

Illustrated notes

Levels and vault maps discovered:
D:1:      minmay_arrival_solitary_statue, layout_rooms,
          shapermc_ecumenical_altar_totnotflames, serial_shops,
          nicolae_shop_temple_entry_statues_fountains
D:2:      layout_basic, serial_shops, shop
D:3:      layout_loops_ring, led_xom_imps
D:4:      layout_rooms, bh_walls_and_bars

Skill      XL: |  1  2  3  4  5 |
---------------+----------------+-----
Fighting       | 4 5 6 |  6.9
Shields        | 4 5 |  5.5
Armour         | 4 5 |  5.4
Polearms       | |  2.4

Action                   |  1- 3 |  4- 6 || total
-------------------------+-------+-------++-------
Melee: Trident           |    80 |    48 ||   128
       Headbutt          |     7 |    13 ||    20
       Whip              |       |    76 ||    76
Invok: Renounce Religion |     1 |       ||     1
  Use: Potion            |     1 |       ||     1
Armor: Scale mail        |    29 |     9 ||    38
       Ring mail         |       |    32 ||    32
Dodge: Dodged            |    36 |    45 ||    81
Block: Buckler           |     9 |       ||     9
       Kite shield       |     3 |    45 ||    48
